Cogmind - Beta 12 @@@ ROGUE MODE // 2023.12.20 @ 21:56:41 Player: Rob Result: Destroyed by S-27 Virus with Autogun Performance ------------- Evolutions (4) 2000 Regions Visited (7) 1400 Robots Destroyed (44) 220 Value Destroyed (1285) 1285 Prototype IDs (1) 20 Alien Tech Used (0) 0 Bonus (500) 500 TOTAL SCORE: 5425 Bonus ------- Entered DSFs 500 Cogmind --------- Core Integrity 0/850 Matter 276/300 Energy 37/100 System Corruption 13% Temperature Cool (18) Movement Walking (120) Location -6/DSF Parts ------- > --- POWER (3) -------- (None) > --- PROPULSION (6) --- Carbon-fiber Leg Carbon-fiber Leg > --- UTILITY (3) ------ Advanced Heat Sink Small Storage Unit > --- WEAPON (3) ------- EM Pulse Cannon > --- INVENTORY (8) ---- EM Pulse Cannon EM Pulse Cannon EM Pulse Cannon Phase Cannon Peak State ------------ > --- POWER ------------ Improved Deuterium Engine > --- PROPULSION ------- Aluminum Leg Improved Titanium Leg Xenon Bombardment Thruster > --- UTILITY ---------- Small Storage Unit Improved Medium Armor Plating Shield Generator > --- WEAPON ----------- Small Laser Particle Gun Improved EM Pulse Cannon > --- INVENTORY -------- Light Ion Engine Flight Unit Improved Heat Sink Improved Heat Sink Advanced Weight Redist. System Structural Scanner Light Assault Rifle [Rating: 28] Favorites ----------- Power Ion Engine Engine Ion Engine Power Core Light Nuclear Core Propulsion Aluminum Leg Leg Aluminum Leg Flight Unit Flight Unit Utility Small Storage Unit Device Heat Sink Storage Small Storage Unit Processor Visual Processing Unit Protection Improved Medium Armor Plating Weapon Autogun Energy Gun Small Laser Energy Cannon Beam Cannon Ballistic Gun Autogun Ballistic Cannon Light Cannon Launcher Grenade Launcher Piercing Weapon Heavy Pick Special Melee Weapon Datajack Build | -11 -10 -9 -9 -8 -7 -6 -6 ------- Run | Jun Mat Mat Min Mat Fac Fac DSF Slots Evolved 8 | . . 2 . 2 2 2 . Power 2 | . . . . . . 2 . Propulsion 4 | . . 2 . 2 . . . Utility 1 | . . . . . 1 . . Weapon 1 | . . . . . 1 . . Parts Attached 75 | 6 10 15 4 14 8 . 18 Power 14 | 1 1 1 2 5 2 . 2 Engine 13 | 1 1 1 2 4 2 . 2 Core 1 | . . . . 1 . . . Reactor . | . . . . . . . . Propulsion 18 | 2 2 6 . 1 2 . 5 Treads . | . . . . . . . . Leg 14 | 2 2 4 . 1 1 . 4 Wheel . | . . . . . . . . Hover . | . . . . . . . . Flight 4 | . . 2 . . 1 . 1 Utility 11 | 1 2 1 1 2 3 . 1 Device 6 | . 1 . 1 1 2 . 1 Storage 3 | 1 1 . . 1 . . . Processor 1 | . . 1 . . . . . Hackware . | . . . . . . . . Protection 1 | . . . . . 1 . . Artifact . | . . . . . . . . Weapon 32 | 2 5 7 1 6 1 . 10 Energy Gun 7 | 1 1 2 . 2 1 . . Energy Cannon 11 | . 1 1 1 1 . . 7 Ballistic Gun 6 | 1 . 3 . 2 . . . Ballistic Cannon 1 | . 1 . . . . . . Launcher 3 | . 1 1 . 1 . . . Special Weapon . | . . . . . . . . Impact Weapon . | . . . . . . . . Slashing Weapon . | . . . . . . . . Piercing Weapon 3 | . . . . . . . 3 Special Melee Weapon 1 | . 1 . . . . . . Unidentified Prototypes 1 | . . 1 . . . . . Corrupted Parts 2 | . . . . . . . 2 System Corruption 4 | . . . . . . . 4 Parts Lost 34 | . 3 7 . 7 . . 17 Power 5 | . . 1 . 1 . . 3 Propulsion 13 | . 1 4 . 2 . . 6 Utility 3 | . . . . 1 . . 2 Weapon 13 | . 2 2 . 3 . . 6 Highest Loss Streak 9 | . 3 7 . 7 . . 9 To Critical Strikes . | . . . . . . . . Average Slot Usage (%) 70 | . 94 82 79 42 69 66 37 Engine 8 | . 14 8 8 5 7 6 2 Leg 18 | . 26 27 22 3 11 13 9 Flight 2 | . . 2 22 4 3 6 1 Device 5 | . 3 8 5 6 8 6 2 Storage 11 | . 24 11 . 2 7 6 6 Processor 1 | . . 3 11 6 . . . Protection 1 | . . . . . 5 6 1 Energy Gun 5 | . 3 4 5 4 15 13 2 Energy Cannon 1 | . . 2 5 2 . . 3 Ballistic Gun 6 | . 8 10 . 6 7 6 . Ballistic Cannon 2 | . 5 3 . . . . . Launcher 1 | . 6 . . . . . . Naked Turns . | . . . . . . . . Heaviest Build 40 | 13 34 32 8 12 31 31 40 Greatest Support 45 | 20 20 40 8 19 30 30 45 Greatest Overweight (x) 8 | . 3 8 . . 2 1 5 Average Overweight (x) . | . 1 1 . . 1 1 1 Largest Inventory Capacity 15 | 8 15 15 15 8 8 8 8 Average Capacity 11 | 6 14 15 6 5 8 8 8 Most Carried 15 | 2 10 15 9 7 8 8 8 Average Carried 6 | . 5 11 3 3 7 8 4 Final Capacity 15 | 8 15 15 5 8 8 8 8 Final Carried 10 | . 10 10 5 7 8 8 4 Class Distribution -------------------- 51% | Mutant 30% | Scavenger-Mutant 16% | Scavenger-Tank Dominant Class ---------------- Mutant | -10/Materials Scavenger-Mutant | -9/Materials Scavenger-Mutant | -9/Mines Mutant | -8/Materials Scavenger-Tank | -7/Factory Scavenger-Tank | -6/Factory Mutant | -6/DSF Resources | -11 -10 -9 -9 -8 -7 -6 -6 ----------- Run | Jun Mat Mat Min Mat Fac Fac DSF Matter Collected 1354 | 217 186 443 . 276 104 . 128 Remotely . | . . . . . . . . Salvage Created 1393 | . 195 389 . 273 104 . 432 Parts 91 | . 15 39 . 16 5 . 16 Haulers Intercepted . | . . . . . . . . Recyclers Shooed 1 | . . 1 . . . . . Parts Field Recycled . | . . . . . . . . Retrieved Matter . | . . . . . . . . Parts Self-Destructed . | . . . . . . . . Prevented . | . . . . . . . . Kills | -11 -10 -9 -9 -8 -7 -6 -6 ------- Run | Jun Mat Mat Min Mat Fac Fac DSF Combat Hostiles Destroyed 37 | . 6 15 . 9 1 . 6 Melee 4 | . . . . . . . 4 Guns 18 | . 2 12 . 2 1 . 1 Cannons 5 | . 2 . . 2 . . 1 AOE 10 | . 2 3 . 5 . . . Classes Destroyed 7 | . 2 2 . 2 . . 1 Builder 1 | . . . . 1 . . . Recycler 1 | . . . . 1 . . . Watcher 5 | . 1 3 . . 1 . . Swarmer 16 | . . 10 . 6 . . . Grunt 14 | . 6 3 . 3 . . 2 Sentry 3 | . . 2 . . 1 . . Specialist 4 | . . . . . . . 4 Best Kill Streak 11 | . 3 7 . 11 1 . 3 Combat Bots Only 9 | . 3 5 . 9 1 . 3 Max Kills in Single Turn 2 | . 2 1 . 2 1 . 1 Gunslinging . | . . . . . . . . Exploded 2 | . 1 1 . 2 . . . Melee 1 | . . . . . . . 1 Uniques/NPCs Destroyed . | . . . . . . . . Combat | -11 -10 -9 -9 -8 -7 -6 -6 -------- Run | Jun Mat Mat Min Mat Fac Fac DSF Damage Taken 4704 | . 555 912 . 575 68 . 2594 Core 1351 | . 87 190 . 207 8 . 859 Absorbed by Shields 181 | . . . . . 29 . 152 Core Remaining (%) 75 | 100 65 . 52 62 98 . . Volleys Fired 134 | . 26 45 . 33 7 . 23 Largest 3 | . 2 2 . 2 3 . 3 Hottest 166 | . 75 86 . 100 128 . 166 Shots Fired 204 | . 29 88 . 38 21 . 28 Gun 156 | . 20 84 . 18 21 . 13 Cannon 35 | . 6 . . 14 . . 15 Launcher 13 | . 3 4 . 6 . . . Special . | . . . . . . . . Kinetic 122 | . 23 76 . 13 7 . 3 Thermal 57 | . 3 8 . 15 14 . 17 Explosive 13 | . 3 4 . 6 . . . Electromagnetic 12 | . . . . 4 . . 8 Robot Hit Streak 11 | . 11 7 . 3 5 . 8 Robot Miss Streak 6 | . 2 6 . 4 1 . 2 Penetration Max . | . . . . . . . . Secondary Targets 4 | . . 4 . . . . . Max Gunslinging Chain 1 | . . 1 . . . . . Shots Hit Robots 115 | . 23 38 . 14 7 . 33 Core Hits 71 | . 11 23 . 18 5 . 14 Critical Kills . | . . . . . . . . Critical Parts Destroyed . | . . . . . . . . Critical Strikes 1 | . . . . . . . 1 Impale 1 | . . . . . . . 1 Melee Attacks 24 | . 6 . . . . . 18 Impact . | . . . . . . . . Slashing . | . . . . . . . . Piercing 18 | . . . . . . . 18 Sneak Attacks 3 | . 3 . . . . . . Combat Hostiles . | . . . . . . . . Follow-up Attacks 1 | . . . . . . . 1 Damage Inflicted 2724 | . 345 836 . 660 109 . 774 Guns 1171 | . 128 634 . 195 109 . 105 Cannons 511 | . 75 . . 124 . . 312 Explosions 685 | . 142 202 . 341 . . . Melee 357 | . . . . . . . 357 Ramming . | . . . . . . . . Kinetic 989 | . 191 582 . 155 43 . 18 Thermal 561 | . 12 52 . 194 66 . 237 Explosive 615 | . 142 202 . 271 . . . Electromagnetic 202 | . . . . 40 . . 162 Impact . | . . . . . . . . Slashing . | . . . . . . . . Piercing 357 | . . . . . . . 357 Highest Corruption 13 | . . . . 2 . . 13 Average Corruption 8 | . . . . 2 . . 9 Corruption Purged . | . . . . . . . . Corruption Blocked . | . . . . . . . . Effects 8 | . . . . 2 . . 6 Message Errors 2 | . . . . . . . 2 Matter Fused 2 | . . . . . . . 2 Data Loss (minor) 2 | . . . . 2 . . . Misfires 1 | . . . . . . . 1 Misdirections 1 | . . . . . . . 1 Overload Shots . | . . . . . . . . Overflow Damage . | . . . . . . . . Projectiles . | . . . . . . . . Explosions . | . . . . . . . . Melee . | . . . . . . . . Knockbacks 2 | . 2 . . . . . . Impact . | . . . . . . . . Kinetic 2 | . 2 . . . . . . Secondary . | . . . . . . . . Self-Inflicted Damage . | . . . . . . . . Shots . | . . . . . . . . Rammed . | . . . . . . . . Targets Rammed . | . . . . . . . . Kicked . | . . . . . . . . Crushed . | . . . . . . . . Highest Temperature 222 | . 18 34 . 222 153 . 36 Average Temperature 60 | . 6 14 . 117 60 . 18 Received Heat Transfer 995 | . 306 192 . 189 20 . 288 Effects 1 | . . . . 1 . . . Energy Bleed 1 | . . . . 1 . . . Siege Activations . | . . . . . . . . Robots Corrupted . | . . . . . . . . Combat Hostiles . | . . . . . . . . Parts Fried . | . . . . . . . . Impact Corruptions . | . . . . . . . . Robots Melted . | . . . . . . . . Combat Hostiles . | . . . . . . . . Parts Melted 1 | . . 1 . . . . . Heat Transferred 1141 | . 25 111 . 459 161 . 385 Parts Sabotaged . | . . . . . . . . Parts Stolen . | . . . . . . . . Parts Stripped . | . . . . . . . . Power Chain Reactions 1 | . . . . 1 . . . Missiles Intercepted . | . . . . . . . . Alert | -11 -10 -9 -9 -8 -7 -6 -6 ------- Run | Jun Mat Mat Min Mat Fac Fac DSF Peak Influence 378 | . 139 378 69 242 176 91 168 Initial 109 | . . 18 69 26 109 86 63 Average 105 | . 64 156 69 175 146 89 54 Maximum Alert Level 1 | . . 1 . 1 . . . Low Security (%) 87 | 100 100 70 100 40 100 100 100 Level 1 12 | . . 29 . 59 . . . Level 2 . | . . . . . . . . Level 3 . | . . . . . . . . Level 4 . | . . . . . . . . Level 5 . | . . . . . . . . High Security . | . . . . . . . . Max Security . | . . . . . . . . Squads Dispatched 7 | . 2 . . 1 . . 4 Investigation 1 | . 1 . . . . . . Extermination . | . . . . . . . . Reinforcement 6 | . 1 . . 1 . . 4 Assault . | . . . . . . . . Garrison . | . . . . . . . . Intercept . | . . . . . . . . Searches Triggered . | . . . . . . . . Construction Impeded 1 | . . . . 1 . . . Haulers Reinforced . | . . . . . . . . Active Scanning Responses . | . . . . . . . . Cargo Convoy Interrupts . | . . . . . . . . Stealth | -11 -10 -9 -9 -8 -7 -6 -6 --------- Run | Jun Mat Mat Min Mat Fac Fac DSF Distress Signals 4 | . 1 3 . . . . . Communications Jammed . | . . . . . . . . Distress Signals . | . . . . . . . . Times Spotted 62 | . 7 20 . 11 2 . 22 Peak Tracking Total 12 | . 4 9 . 6 1 . 12 Tactical Retreats 4 | . 1 . . . . . 3 Traps | -11 -10 -9 -9 -8 -7 -6 -6 ------- Run | Jun Mat Mat Min Mat Fac Fac DSF Traps Triggered 2 | . 1 . . 1 . . . Indirectly . | . . . . . . . . Trap Hack Attempts . | . . . . . . . . Triggered . | . . . . . . . . Disarmed . | . . . . . . . . Reprogrammed . | . . . . . . . . Reused . | . . . . . . . . Traps Extracted . | . . . . . . . . Installed . | . . . . . . . . Triggered . | . . . . . . . . Machines | -11 -10 -9 -9 -8 -7 -6 -6 ---------- Run | Jun Mat Mat Min Mat Fac Fac DSF Machines Disabled 3 | . 1 1 . 1 . . . Max in Single Turn 1 | . 1 1 . 1 . . . Machines Repaired . | . . . . . . . . Machines Sabotaged . | . . . . . . . . Overloaded Fab Kills . | . . . . . . . . Hacking | -11 -10 -9 -9 -8 -7 -6 -6 --------- Run | Jun Mat Mat Min Mat Fac Fac DSF Machines Accessed 2 | . 1 . . . . 1 . Terminals 2 | . 1 . . . . 1 . Fabricators . | . . . . . . . . Repair Stations . | . . . . . . . . Recycling Units . | . . . . . . . . Scanalyzers . | . . . . . . . . Garrison Access . | . . . . . . . . Total Hacks 2 | . 1 . . . . 1 . Successful 1 | . . . . . . 1 . Failed 1 | . 1 . . . . . . Catastrophic . | . . . . . . . . Database Lockouts . | . . . . . . . . Manual . | . . . . . . . . Terminals 2 | . 1 . . . . 1 . Fabricators . | . . . . . . . . Repair Stations . | . . . . . . . . Recycling Units . | . . . . . . . . Scanalyzers . | . . . . . . . . Garrison Access . | . . . . . . . . Terminal Hacks 1 | . . . . . . 1 . Open DSF 1 | . . . . . . 1 . Fabricator Hacks . | . . . . . . . . Repair Station Hacks . | . . . . . . . . Recycling Unit Hacks . | . . . . . . . . Scanalyzer . | . . . . . . . . Garrison Access Hacks . | . . . . . . . . Unauthorized Hacks . | . . . . . . . . Terminals . | . . . . . . . . Fabricators . | . . . . . . . . Repair Stations . | . . . . . . . . Recycling Units . | . . . . . . . . Scanalyzers . | . . . . . . . . Garrison Access . | . . . . . . . . Data Cores Recovered . | . . . . . . . . Used . | . . . . . . . . Hacking Detections 1 | . 1 . . . . . . Full Trace Events . | . . . . . . . . Feedback Events . | . . . . . . . . Feedback Blocked . | . . . . . . . . Robot Schematics Acquired . | . . . . . . . . Robots Built . | . . . . . . . . Authchips . | . . . . . . . . Time . | . . . . . . . . Total Robot Build Rating . | . . . . . . . . Part Schematics Acquired . | . . . . . . . . Parts Built . | . . . . . . . . Authchips . | . . . . . . . . Time . | . . . . . . . . Total Part Build Rating . | . . . . . . . . Parts Repaired . | . . . . . . . . Time . | . . . . . . . . Parts Recycled . | . . . . . . . . Recycled Matter . | . . . . . . . . Retrieved Matter . | . . . . . . . . Retrieved Components . | . . . . . . . . Parts Scanalyzed . | . . . . . . . . Part Schematics Acquired . | . . . . . . . . Parts Damaged . | . . . . . . . . Bothacking | -11 -10 -9 -9 -8 -7 -6 -6 ------------ Run | Jun Mat Mat Min Mat Fac Fac DSF Used RIF Installer . | . . . . . . . . Robots Hacked 2 | . 2 . . . . . . Non-combat 1 | . 1 . . . . . . Combat 1 | . 1 . . . . . . Robot Hacks Applied 3 | . 3 . . . . . . parse_system 2 | . 2 . . . . . . no_distress 1 | . 1 . . . . . . Relay Couplers Released . | . . . . . . . . Fabnet Peak Effective % . | . . . . . . . . Robots Rewired . | . . . . . . . . Allies Hacked . | . . . . . . . . Hacks Repelled . | . . . . . . . . Allies | -11 -10 -9 -9 -8 -7 -6 -6 -------- Run | Jun Mat Mat Min Mat Fac Fac DSF Total Allies . | . . . . . . . . Largest Group . | . . . . . . . . Highest-Rated Group . | . . . . . . . . Highest-Rated Ally . | . . . . . . . . Total Orders . | . . . . . . . . Ally Attacks . | . . . . . . . . Total Damage . | . . . . . . . . Kills . | . . . . . . . . Allies Corrupted . | . . . . . . . . Allies Melted . | . . . . . . . . Intel | -11 -10 -9 -9 -8 -7 -6 -6 ------- Run | Jun Mat Mat Min Mat Fac Fac DSF Robot Analysis Total . | . . . . . . . . Derelict Logs Recovered . | . . . . . . . . Drone Launches . | . . . . . . . . Drone Recoveries . | . . . . . . . . Exploration | -11 -10 -9 -9 -8 -7 -6 -6 ------------- Run | Jun Mat Mat Min Mat Fac Fac DSF Turns Passed 1960 | 69 512 440 40 208 314 14 363 Spaces Moved 880 | 48 217 151 38 161 139 8 118 Core 63 | 9 . 2 . 18 . . 34 Treads . | . . . . . . . . Legs 682 | 39 217 140 . 57 139 8 82 Wheels . | . . . . . . . . Hover . | . . . . . . . . Flight 135 | . . 9 38 86 . . 2 Fastest Speed 37 | 50 120 120 57 37 125 195 100 Average Speed 155 | 106 195 189 57 67 198 195 158 Slowest Speed 520 | 120 330 520 57 120 260 195 300 Overloaded Moves . | . . . . . . . . Propulsion Burnouts . | . . . . . . . . Robots Hopped . | . . . . . . . . Cave-ins Triggered . | . . . . . . . . Exploration Rate (%) 19 | 4 31 24 7 18 3 . 46 Regions Visited 7 Branch Regions 1 Pre-discovered Areas . | . . . . . . . . Known Exits Taken 1 | . . . . . . 1 . Unknown Exits Taken 6 | 1 1 1 1 1 1 . . Scrap Searched . | . . . . . . . . Spaces Dug . | . . . . . . . . Terrain Destroyed 70 | . 12 17 . 41 . . . Melee . | . . . . . . . . Projectile . | . . . . . . . . AOE 70 | . 12 17 . 41 . . . Terrain Rammed . | . . . . . . . . Walls Destroyed . | . . . . . . . . Machines Disabled . | . . . . . . . . Actions | -11 -10 -9 -9 -8 -7 -6 -6 --------- Run | Jun Mat Mat Min Mat Fac Fac DSF Total 1257 | 65 274 231 60 225 161 7 234 Wait 46 | 6 2 . . . 4 . 34 Move 873 | 47 216 150 37 160 138 7 118 Hop . | . . . . . . . . Pick Up 69 | 6 14 12 6 12 3 . 16 Fast Attach 7 | . . 1 2 . 3 . 1 Attach 41 | 6 4 7 1 9 2 . 12 Detach 1 | . . . . 1 . . . Swap 27 | . 6 7 1 5 3 . 5 Drop 32 | . . 5 13 5 1 . 8 Fire 134 | . 26 45 . 33 7 . 23 Melee 23 | . 6 . . . . . 17 Ram . | . . . . . . . . Kick . | . . . . . . . . Crush . | . . . . . . . . Escape Stasis . | . . . . . . . . Rewire 4 | . . 4 . . . . . Trap . | . . . . . . . . Miscellaneous . | . . . . . . . . Route ------- -11/Junkyard -10/Materials -9/Materials -9/Mines -8/Materials -7/Factory -6/Factory -6/DSF History --------- Turn | Location | Event 8 | -11/Junkyard | Discovered new exit (range 16) 70 | -11/Junkyard | Entered Materials 327 | -10/Materials | Build established: Mutant 407 | -10/Materials | Lost 3 parts (1n2w) 577 | -10/Materials | Discovered new exit (range 3) 582 | -10/Materials | Entered another Materials area 582 | -9/Materials | Evolved 2 slots: Propulsion x2 894 | -9/Materials | Discovered new exit (range 14) 982 | -9/Materials | Lost 7 parts (1p4n2w) 1022 | -9/Materials | Entered Mines 1057 | -9/Mines | Discovered new exit (range 3) 1062 | -9/Mines | Entered Materials 1062 | -8/Materials | Evolved 2 slots: Propulsion x2 1188 | -8/Materials | Lost 7 parts (1p2n1u3w) 1192 | -8/Materials | Destroyed 9 combat bots 1230 | -8/Materials | Discovered new exit (range 8) 1270 | -8/Materials | Entered Factory 1270 | -7/Factory | Evolved 2 slots: Utility x1, Weapon x1 1573 | -7/Factory | Discovered new exit (range 7) 1584 | -7/Factory | Entered another Factory area 1584 | -6/Factory | Evolved 2 slots: Power x2 1588 | -6/Factory | Identified exit to DSF 1594 | -6/Factory | Build established: Scavenger-Tank 1598 | -6/Factory | Entered DSF 1624 | -6/DSF | Additional patrols routed to DSF 1743 | -6/DSF | Lost 9 parts (2p2n2u3w) 1814 | -6/DSF | Core integrity fell below 50% 1841 | -6/DSF | Lost 4 parts (1p2n1w) 1846 | -6/DSF | System corruption reached 10% 1857 | -6/DSF | Core integrity fell below 20% 1961 | -6/DSF | Destroyed by S-27 Virus with Autogun Last Messages --------------- 01880_ Acquired 10 matter. 01888_ Acquired Corrupted Carbon-fiber Leg. 01889_ Integrated Corrupted Carbon-fiber Leg (+1). 01891_ Acquired Adv. Heat Sink. 01893_ Acquired 20 matter. 01915_ Acquired EM Pulse Cannon. 01933_ 5QYRKLRZ5SQPG6AIT LY8QT 01940_ Acquired 6 matter. 01955_ System corrupted: Matter fused (-10). 01957_ C-30 ARC bursts open, deploying its payload. 01957_ S-27 Virus unfolds itself. 01957_ C-30 ARC bursts open, deploying its payload. 01957_ G-50 Soldier unfolds itself. 01958_ Penetrated by Slug. 01958_ C-30 ARC bursts open, deploying its payload. 01958_ L-41 Fighter unfolds itself. 01958_ G-50 Soldier unfolds itself. 01959_ Hvy. Pick destroyed. 01961_ Penetrated by Slug. 01961_ Carbon-fiber Leg destroyed. Map ----- +----------------------------------------------------+ | ??????????????????????????????????? | | ??????????????????????????????????? | | ??????????????????????????????????? | | ??????????????????????????????????? | | ??????????????????????????????????? | | ??????????????????????????????????? | | ??????????????????????????????????? | | ??????????????????????????????????? | | ??????????????????????????????????? | | ??????????????????????????????????? | | ??????????????????????????????????? | | ??????????????????????????????????? | | ??????????????????????????????????? | | ??????????????????????????????????? | | ??????????????????????????????????? | | ??????????????????????????????????? | | ??????????????????????????????????? | | ??????######?####??##?????????????? | | ??????# #?!!!#?!!#?????????????? | | ?????## ##!!!#!!!## ?????????? | | ?????#;!! lg ????????? | | ?????##!!% g H ????????? | | ?????#;!gs[g ???????? | | ?????##% s ;" "[[[#?? ???????? | | ??????# sgg## #[[[#?? #???????? | | ??????### @###??#?????# ###?????? | | ???????#] [ #????????! !!??????? | | ???????#] #????????! !!??????? | | ???????#] [ #????????! !???????? | | ???????##*%###????????# ###?????? | | ???????# [!]]#????????! #?????? | | ???????# ]]#????????! #?????? | | ???????## ##########?! #?????? | | ??????### x###]]#]]]### #???????? | | ????###"" ##]]# ##"! ###?????? | | ???#""""" %% ! % !=% #?????? | | ???#"##"" % [ [][][%! #?????? | | ??????#"""%"## # !%#!/===!!#?????? | | ??????#"""%"######### /===!!#?????? | | ??????####"##???????#########?????? | | ?????????#"#??????????????????????? | | ?????????""#??????????????????????? | | ?????????##???????????????????????? | | ??????????????????????????????????? | | ??????????????????????????????????? | | ??????????????????????????????????? | | ??????????????????????????????????? | | | | | | | +----------------------------------------------------+ Best States ------------- Heat Dissipation 56 Energy Generation 21 Energy Capacity 315 Matter Stores 300 Matter Capacity 300 Sight Range 18 Robot Scan Range 14 Terrain Scan Density 10 Additional Mass Support 9 Armor Coverage 225 Evasion (%) 62 Item Schematics ----------------- None Robot Schematics ------------------ None Fabricated ------------ Nothing Alien Tech Used ----------------- None Achievements -------------- None Challenges ------------ None Game ------ Seed DrainedCoilRedistributor Manual? 0 Play Time 00:51:04 Cumulative 19.1 hours Start 2023.12.20 @ 21:03:21 End 2023.12.20 @ 21:56:41 Sessions 1 Manual Loads 0 Difficulty Rogue Special Mode None Game No. 21 Rogue 21 Adventurer 0 Explorer 0 Win Type - Total 0 Types 0/0/0/0/0/0/0/0/0 Lore% 5 Gallery% 20 Achievement% 8 Wizard Run 0 Options --------- ASCII 0 Keyboard 0 Movement Numpad Keybinds 0 Fullscreen 0 Font 20/Smallcaps Map View 183x50 Tactical HUD 1 Map Filters NONE Filters NONE Steam 1 RUN: f9494abf-3e0c-41e0-9c24-f1653f6e414a